AoeStats
← Fänncy

Arabia

509959305Analyzed
1v1 RM · 5d ago on Sep 28, 2026· 42m 34s· 2 players
Game mode
Random Map
Map size
Tiny (2 player)
Population
200
Speed
Normal
Resources
Standard
Victory
Conquest
Starting age
Dark Age
Ending age
Imperial Age
RankedLock teamsTeams togetherTeam positionsShared explorationLock speedFull tech treeHidden civsTurbo modeCheats
Victory
Defeat
🇨🇱 Magyars · Chile
1085
+17
🇩🇪 Varangians · Germany
1096
-17
Joven Coco
4:17 Loom
10:25 Feudal Age
10:56 Double-Bit Axe
11:06 Horse Collar
14:38 Wheelbarrow
20:21 Castle Age
19:11 Bloodlines
19:15 Gold Mining
20:14 Fletching
20:24 Padded Archer Armor
21:24 Bodkin Arrow
22:15 Bow Saw
23:22 Leather Archer Armor
23:17 Husbandry
24:34 Thumb Ring
25:28 Town Watch
27:57 Ballistics
29:47 Light Cavalry
31:34 Scale Barding Armor
32:18 Heavy Plow
32:58 Hand Cart
40:36 Imperial Age
39:23 Chain Barding Armor
40:39 Heavy Cavalry Archer
41:45 Parthian Tactics
41:23 Bracer
43:27 Two-Man Saw
43:00 Crop Rotation
42:51 Stone Mining
Fänncy
7:59 Loom
10:33 Feudal Age
11:11 Double-Bit Axe
12:09 Horse Collar
19:48 Castle Age
18:51 Gold Mining
19:01 Arson
19:20 Scale Mail Armor
20:34 Forging
22:12 Bow Saw
22:13 Heavy Plow
22:38 Squires
22:26 Gambesons
28:49 Wheelbarrow
28:58 Fletching
30:36 Hand Cart
30:10 Town Watch
31:29 Stone Mining
35:27 Imperial Age
34:13 Stone Shaft Mining
34:31 Scale Barding Armor
34:55 Bodkin Arrow
37:17 Husbandry
37:28 Bloodlines
37:39 Cavalier
37:46 Vendel Legacy
38:48 Chain Barding Armor
39:04 Iron Casting
41:36 Plate Barding Armor
Connection lost

Rejoining the realm…

Still unreachable

The connection could not be restored.

Session expired

The server has moved on; the page needs a fresh start.